AoeStats
← Chiripa605

Arena

508211837Analyzed
4v4 RM · 10d ago on Sep 21, 2026· 47m 46s· 8 players
Game mode
Random Map
Map size
Large (8 player)
Population
200
Speed
Normal
Resources
Standard
Victory
Conquest
Starting age
Dark Age
Ending age
Imperial Age
RankedLock teamsTeams togetherTeam positionsShared explorationLock speedFull tech treeHidden civsTurbo modeCheats
Victory
Defeat
🇺🇸 Bohemians · United States
1356
+12
🇩🇪 Tatars · Germany
1287
+14
🇧🇦 Huns · Bosnia & Herzegovina
1278
+15
🇩🇪 Cumans · Germany
1272
+14
🇹🇼 Britons · Taiwan
1276
-15
🇹🇼 Persians · Taiwan
1254
-14
🇨🇳 Berbers · China
1242
-13
1238
-13
Chiripa605
10:33 Feudal Age
14:28 Castle Age
13:01 Double-Bit Axe
14:41 Horse Collar
15:25 Bow Saw
15:12 Loom
17:26 Wheelbarrow
16:41 Town Watch
21:13 Chemistry
21:12 Fervor
21:31 Heavy Plow
27:39 Imperial Age
37:44 Padded Archer Armor
44:41 Leather Archer Armor
46:56 Fletching
47:55 Bodkin Arrow
Chloroxid
10:29 Feudal Age
9:26 Loom
14:41 Castle Age
12:56 Double-Bit Axe
12:52 Horse Collar
14:53 Forging
18:58 Fervor
21:20 Wheelbarrow
21:37 Bow Saw
28:14 Imperial Age
25:53 Stone Mining
27:23 Hand Cart
27:10 Scale Mail Armor
27:13 Squires
27:43 Scale Barding Armor
28:23 Sanctity
28:45 Iron Casting
28:35 Chain Mail Armor
28:55 Iron Casting
27:43 Pikeman
29:27 Capped Ram
29:47 Halberdier
31:18 Plate Mail Armor
30:50 Town Watch
34:44 Two-Man Saw
35:40 Blast Furnace
35:40 Fletching
37:34 Heavy Plow
37:16 Siege Ram
38:34 Conscription
38:32 Caravan
38:16 Siege Ram
39:43 Bodkin Arrow
39:49 Padded Archer Armor
42:44 Arson
43:16 Leather Archer Armor
42:23 Elite Kipchak
43:39 Hoardings
43:10 Steppe Husbandry
43:10 Cuman Mercenaries
45:36 Ring Archer Armor
Basti8712
10:27 Feudal Age
14:44 Castle Age
12:33 Double-Bit Axe
12:42 Horse Collar
17:52 Heavy Plow
23:54 Wheelbarrow
28:06 Imperial Age
25:59 Forging
25:50 Scale Mail Armor
25:57 Scale Barding Armor
27:21 Bow Saw
28:19 Hand Cart
27:49 Loom
28:44 Iron Casting
28:29 Chain Barding Armor
30:30 Blast Furnace
30:20 Bloodlines
30:10 Husbandry
29:34 Heavy Camel Rider
30:38 Conscription
31:19 Plate Barding Armor
30:14 Elite Keshik
34:43 Fletching
39:11 Caravan
39:42 Coinage
43:38 Banking
1godi
10:08 Feudal Age
13:41 Castle Age
11:50 Double-Bit Axe
14:41 Bow Saw
14:12 Horse Collar
15:13 Heavy Plow
17:55 Wheelbarrow
19:25 Stone Mining
20:03 Gold Mining
21:31 Scale Barding Armor
21:37 Forging
23:22 Gold Shaft Mining
24:55 Bloodlines
25:43 Loom
26:28 Husbandry
27:26 Town Watch
28:28 Chain Barding Armor
30:41 Hand Cart
34:08 Imperial Age
33:27 Iron Casting
35:57 Two-Man Saw
35:37 Plate Barding Armor
34:23 Cavalier
36:21 Blast Furnace
36:24 Fletching
36:34 Padded Archer Armor
36:04 Paladin
37:10 Conscription
38:54 Bodkin Arrow
39:18 Caravan
38:59 Light Cavalry
41:48 Leather Archer Armor
42:05 Marauders
41:39 Hussar
44:02 Bracer
43:32 Elite Skirmisher
44:18 Thumb Ring
46:04 Ballistics
45:55 Masonry
47:59 Chemistry
DAO HAO DOG HAVE DEAD FAMILY
10:38 Feudal Age
15:23 Castle Age
13:47 Double-Bit Axe
14:21 Horse Collar
22:30 Scale Mail Armor
23:29 Chain Mail Armor
25:21 Forging
27:01 Gambesons
27:16 Squires
27:02 Arson
29:32 Pikeman
31:55 Bow Saw
34:33 Iron Casting
39:06 Imperial Age
37:43 Fortified Wall
37:53 Ballistics
38:31 Wheelbarrow
40:10 Conscription
39:42 Halberdier
43:04 Two-Man Saw
44:35 Chemistry
43:31 Murder Holes
43:59 Heavy Plow
45:17 Plate Mail Armor
GYLi
9:13 Feudal Age
11:16 Double-Bit Axe
12:12 Horse Collar
19:23 Castle Age
18:01 Gold Mining
18:01 Stone Mining
26:10 Imperial Age
24:18 Fletching
24:28 Padded Archer Armor
25:03 Ballistics
25:38 Bodkin Arrow
31:38 Chemistry
31:50 Bracer
31:50 Padded Archer Armor
34:25 Yeomen
34:32 Leather Archer Armor
yoooo147
10:47 Feudal Age
16:01 Castle Age
14:06 Double-Bit Axe
15:20 Loom
16:58 Bow Saw
16:29 Horse Collar
17:37 Wheelbarrow
19:21 Heavy Plow
22:18 Hand Cart
22:21 Gold Mining
23:57 Stone Mining
26:23 Scale Barding Armor
26:28 Town Watch
26:56 Bloodlines
26:47 Husbandry
29:53 Imperial Age
29:00 Chain Barding Armor
28:51 Forging
29:49 Gold Shaft Mining
29:48 Cavalier
31:05 Plate Barding Armor
34:03 Savar
36:05 Iron Casting
38:39 Conscription
40:07 Blast Furnace
39:08 Scale Mail Armor
39:48 Pikeman
40:28 Squires
42:51 Chain Mail Armor
42:22 Halberdier
43:34 Gambesons
45:06 Fletching
taileibuxiang108
10:59 Feudal Age
14:49 Castle Age
13:47 Double-Bit Axe
13:43 Horse Collar
16:21 Wheelbarrow
15:58 Bow Saw
19:35 Heavy Plow
21:49 Stone Mining
23:56 Stone Shaft Mining
24:27 Gold Mining
27:04 Gold Shaft Mining
29:42 Imperial Age
27:45 Fletching
27:55 Padded Archer Armor
27:46 Loom
27:47 Town Watch
30:18 Husbandry
30:36 Bloodlines
31:10 Ballistics
30:57 Siege Engineers
31:05 Murder Holes
31:12 Heavy Camel Rider
31:13 Light Cavalry
31:39 Elite Camel Archer
32:22 Bodkin Arrow
32:43 Leather Archer Armor
33:31 Chemistry
33:19 Thumb Ring
33:19 Bracer
33:28 Kasbah
34:12 Crop Rotation
34:37 Conscription
34:53 Guilds
34:17 Hussar
37:35 Ring Archer Armor
37:10 Scale Barding Armor
37:16 Forging
39:59 Chain Barding Armor
42:45 Plate Barding Armor
42:46 Iron Casting
43:47 Siege Engineers
44:26 Hand Cart
Connection lost

Rejoining the realm…

Still unreachable

The connection could not be restored.

Session expired

The server has moved on; the page needs a fresh start.